 Dungeon Crawl Stone Soup version 0.29.1-14-g9c671dbff4 (webtiles) character file.

Game seed: 7381971921265185047

6 Peloso the Shield-Bearer (level 1, 0/20 HPs)
             Began as a Minotaur Fighter on Feb 15, 2023.
             Succumbed to a gnoll's poison
             ... on level 1 of the Dungeon.
             The game lasted 00:01:27 (295 turns).

Peloso the Shield-Bearer (Minotaur Fighter)          Turns: 295, Time: 00:01:27

Health: 0/20       AC:  8    Str: 20    XL:     1   Next: 75%
Magic:  0/0        EV:  9    Int:  5    God:
Gold:   31         SH:  4    Dex:  9    Spells: 0/0 levels left

rFire   . . .      SeeInvis .   h - +2 short sword (drain)
rCold   . . .      Faith    .   d - +0 buckler
rNeg    . . .      Spirit   .   b - +0 scale mail
rPois   .          Reflect  .   (helmet restricted)
rElec   .          Harm     .   c - +0 cloak
rCorr   .          Rampage  .   (no gloves)
Will    .....                   (no boots)
Stlth   ..........              (no amulet)
HPRegen 0.06/turn               (no ring)
MPRegen 0.07/turn               (no ring)

@: lethally poisoned (0 -> -5)
A: horns 2, retaliatory headbutt
a: no special abilities


You were on level 1 of the Dungeon.
You visited 1 branch of the dungeon, and saw 1 of its levels.

You collected 31 gold pieces.

Inventory:

Hand Weapons
 a - a +0 long sword
 h - a +2 short sword of draining (weapon)
Armour
 b - a +0 scale mail (worn)
 c - a +0 cloak (worn)
 d - a +0 buckler (worn)
Scrolls
 e - a scroll of vulnerability {unknown}
 g - a scroll of identify {unknown}
Potions
 f - a potion of might


   Skills:
 + Level 3.7 Fighting
 + Level 2.5 Long Blades
 + Level 3.8 Armour
 + Level 3.8 Shields


You couldn't memorise any spells.
You didn't know any spells.
Your spell library was empty.

Dungeon Overview and Level Annotations

Branches:
Dungeon (1/15)

Altars:


Innate Abilities, Weirdness & Mutations

You have a pair of horns on your head.
You reflexively headbutt those who attack you in melee.


Message History

The frilled lizard hisses angrily.
A gnoll comes into view. It is wielding a +2 spear of venom.
There are monsters nearby!
There are monsters nearby!
The gnoll shouts!
There is an open door here.
There is a large open door here.
There is a large open door here.
You see here a +2 short sword of draining.
h - a +2 short sword of draining The frilled lizard attacks as you move away!
The frilled lizard bites you but does no damage.
Okay, then.
You sense an unholy aura.
h - a +2 short sword of draining (weapon)
You closely miss the frilled lizard.
The frilled lizard bites you but does no damage.
The gnoll hits you from afar with a +2 spear of venom.
You are poisoned.
The frilled lizard bites you but does no damage.
You hit the frilled lizard but do no damage.
You feel sick. The gnoll misses you.
The frilled lizard bites you but does no damage.
You hit the frilled lizard. You drain the frilled lizard.
You kill the frilled lizard!
You feel sick. The gnoll hits you but does no damage.
You are lethally poisoned!
You feel very sick.
Things that are here:
a +0 club; a kobold corpse You feel very sick.
* * * LOW HITPOINT WARNING * * *
You feel sick.
* * * LOW HITPOINT WARNING * * *
You feel sick.
Okay, then.
* * * LOW HITPOINT WARNING * * *
You feel sick. The gnoll barely misses you.
You hit the gnoll but do no damage.
You die...

.# .# .# .# ###### ####.#####
##############....#####....##...
+............+....##......###.#
.##...##....###....##..........#
..'...''......)g@...>.......####
..#...##....#######..######.#
..#.........# #..# #.#
###.....##### ##.# #.# ##....#
#.# #.##### ###### #..###
#...."# #....# #####.#
#####+##.# #.# #).....#.# #..


You could see a gnoll.

Vanquished Creatures
  A ball python (D:1)
  An endoplasm (D:1)
  A kobold (D:1)
  2 frilled lizards (D:1)
  A rat (D:1)
6 creatures vanquished.

Notes
Turn   | Place    | Note
-------+----------+-------------------------------------------
     0 | D:1      | Peloso the Minotaur Fighter began the quest for the Orb.
     0 | D:1      | Reached XP level 1. HP: 19/19 MP: 0/0
   295 | D:1      | Succumbed to a gnoll's poison

Illustrated notes

Levels and vault maps discovered:
D:1:      saegor_arrival_simple_e, layout_basic,
          hellmonk_ecumenical_altar_heavens_door

Action                   || total
-------------------------++-------
Melee: Long sword        ||    14
       Short sword       ||     4
Armor: Scale mail        ||     9
Dodge: Dodged            ||     7
Block: Buckler           ||     4
